 Dungeon Crawl Stone Soup version 0.21.1-1-g345015f (console) character file.

2898 fly the Cleaver (level 9, 0/133 HPs)
             Began as an Ogre Berserker on May 27, 2018.
             Was an Elder of Trog.
             Slain by a two-headed ogre
             ... wielding a +0 giant club
              (17 damage)
             ... on level 8 of the Dungeon.
             The game lasted 00:10:07 (6770 turns).

fly the Cleaver (Ogre Berserker)                    Turns: 6770, Time: 00:10:07

Health: 0/133      AC:  3    Str: 28    XL:     9   Next: 77%
Magic:  11/11      EV: 12    Int:  8    God:    Trog [****..]
Gold:   458        SH:  2    Dex: 11    Spells: 8/8 levels left

rFire    . . .     SeeInvis .   a - +2 war axe (chop)
rCold    + . .     Gourm    .   (no shield)
rNeg     . . .     Faith    .   y - +0 animal skin
rPois    .         Spirit   .   (helmet restricted)
rElec    .         Reflect  +   (no cloak)
rCorr    .         Harm     .   (gloves unavailable)
MR       .....                  (boots unavailable)
Stlth    ..........             t - +2 amulet of reflection
HPRegen  0.32/turn              e - ring of flight
MPRegen  0.12/turn              v - ring of protection from cold

@: berserking, very quick
A: large, unfitting armour, tough skin 1
a: Berserk, Trog's Hand, Brothers in Arms, Burn Spellbooks, Renounce Religion,
Evoke Flight


You were on level 8 of the Dungeon.
You worshipped Trog.
Trog was greatly pleased with you.
You were hungry.

You visited 1 branch of the dungeon, and saw 8 of its levels.
You also visited: Ossuary.

You collected 458 gold pieces.

Inventory:

Hand Weapons
 a - a +2 war axe of chopping (weapon)
 b - a +0 dagger of venom
 w - a +0 blowgun
Missiles
 G - 8 curare-tipped needles
Armour
 y - a +0 animal skin (worn)
Magical Staves
 A - an uncursed staff of earth
Jewellery
 e - a ring of flight (left hand)
 t - a +2 amulet of reflection (around neck)
 v - a ring of protection from cold (right hand)
Wands
 l - a wand of enslavement (4)
 r - a wand of acid (6)
 I - a wand of flame (22)
Scrolls
 d - 6 scrolls of remove curse
 f - 2 scrolls of fear {unknown}
 i - 4 scrolls of teleportation {unknown}
 m - 2 scrolls of enchant armour {unknown}
 o - 2 scrolls of immolation {unknown}
 u - a scroll of amnesia {unknown}
 C - a scroll of identify
 F - a scroll of blinking {unknown}
Potions
 g - 4 potions of brilliance
 h - 2 potions of agility
 j - 3 potions of haste
 k - a potion of invisibility
 n - a potion of resistance
 p - 4 potions of mutation
 q - 5 potions of curing
 s - 2 potions of might
 x - 3 potions of cancellation
 z - 2 potions of lignification
 B - a potion of heal wounds {unknown}
 D - a potion of flight {unknown}
 E - a potion of berserk rage
Comestibles
 c - 12 rations
 H - 3 chunks of flesh


   Skills:
 - Level 6.0 Fighting
 + Level 10.9 Axes
 - Level 6.0 Dodging
 - Level 3.0 Evocations


You had 8 spell levels left.
You didn't know any spells.

Dungeon Overview and Level Annotations

Branches:
Dungeon (8/15)             Temple (0/1) D:4
   Lair: D:8-11

Altars:
Ashenzari
Dithmenos
Gozag
Hepliaklqana
Qazlal
Sif Muna
Vehumet


Innate Abilities, Weirdness & Mutations

You are too large for most types of armour.
You have tough skin. (AC +1)


Message History

There is an open door here.
A jackal zombie comes into view.
There is a stone staircase leading up here.
A red film seems to cover your vision as you go berserk!
You feel yourself moving faster!
You feel mighty!
You are feeling hungry.
You barely miss the two-headed ogre.
The two-headed ogre hits you with a giant club.
The two-headed ogre hits you with a giant spiked club!!
You slash the two-headed ogre!
The two-headed ogre is moderately wounded.
You slice the two-headed ogre!!
The two-headed ogre is almost dead.
You slash the jackal zombie!
You destroy the jackal zombie!
Trog accepts your kill.
The two-headed ogre hits you with a giant club!!
* * * LOW HITPOINT WARNING * * *
The two-headed ogre hits you with a giant spiked club!
You die...

..................#
....†.............#
.......##.........#
.......##....<....#
........#.........#
........#.........#
........#...##....#
........#...##.O..#
........#.......@.#
.......##.........#
###'#####......)..#
........#.........#
........'(..(.....#
........#(........#
.......##.........#
#########.)).>....#
.......[)......#


You could see a two-headed ogre.

Vanquished Creatures
  Prince Ribbit (D:7)
  Grinder (D:5)
  A hippogriff (D:7)
  Menkaure (D:4)
  Duvessa (D:6)
  A water moccasin (D:7)
  2 ice beasts
  A sky beast (D:8)
  2 orc warriors
  A phantom (D:5)
  A centaur (D:8)
  2 big kobolds
  A bullfrog (D:5)
  Dowan (D:6)
  A scorpion (D:8)
  A crimson imp (D:6)
  2 bullfrog zombies
  A hound (D:4)
  A bullfrog skeleton (D:6)
  5 orc priests
  A gnoll shaman (D:4)
  11 orc wizards
  A centaur skeleton (D:6)
  2 iguanas
  Terence (D:2)
  3 worker ants
  A hound skeleton (D:5)
  2 mummies (Ossuary)
  Robin (D:2)
  A worker ant zombie (D:5)
  3 gnolls (D:4)
  5 adders
  A shadow imp (D:7)
  2 oozes
  2 adder skeletons (D:4)
  4 adder zombies (Ossuary)
  A worm (D:3)
  2 dart slugs
  4 leopard geckos
  18 orcs
  8 giant cockroaches
  4 gnoll zombies (Ossuary)
  10 goblins
  11 hobgoblins
  2 jackals (D:7)
  11 kobolds
  5 quokkas
  A ball python (D:3)
  5 bats
  3 frilled lizards
  9 hobgoblin zombies (Ossuary)
  A jackal zombie (D:8)
  5 kobold zombies (Ossuary)
  A leopard gecko zombie (D:6)
  3 orc zombies (Ossuary)
  9 rats
182 creatures vanquished.

Notes
Turn   | Place    | Note
-------+----------+-------------------------------------------
     0 | D:1      | fly the Ogre Berserker began the quest for the Orb.
     0 | D:1      | Reached XP level 1. HP: 24/24 MP: 1/1
   301 | D:1      | Reached XP level 2. HP: 24/32 MP: 2/2
   945 | D:2      | Reached XP level 3. HP: 40/40 MP: 3/3
  1014 | D:2      | Noticed Robin
  1024 | D:2      | Killed Robin
  1705 | D:2      | Reached ** piety under Trog
  1745 | D:2      | Noticed Terence
  1805 | D:2      | Killed Terence
  1805 | D:2      | Reached skill level 5 in Fighting
  1805 | D:2      | Reached XP level 4. HP: 50/50 MP: 4/4
  2070 | D:3      | Reached skill level 4 in Axes
  2111 | D:3      | Reached XP level 5. HP: 39/57 MP: 5/5
  2710 | D:4      | Noticed Menkaure
  2846 | D:4      | Killed Menkaure
  2846 | D:4      | Reached XP level 6. HP: 10/67 MP: 6/6
  3156 | D:4      | Found a shadowy altar of Dithmenos.
  3156 | D:4      | Found a deep blue altar of Sif Muna.
  3157 | D:4      | Found a radiant altar of Vehumet.
  3274 | D:4      | Found a staircase to the Ecumenical Temple.
  3277 | D:4      | Reached *** piety under Trog
  3278 | D:4      | Reached skill level 5 in Axes
  3484 | D:4      | Found a shattered altar of Ashenzari.
  3502 | D:4      | Found an opulent altar of Gozag.
  3591 | D:4      | Reached XP level 7. HP: 41/75 MP: 7/7
  3649 | D:5      | Entered Level 5 of the Dungeon
  3697 | D:5      | Found a stormy altar of Qazlal.
  3873 | D:5      | Reached skill level 5 in Dodging
  3900 | D:5      | Noticed Grinder
  3906 | D:5      | Killed Grinder
  3906 | D:5      | Reached skill level 6 in Axes
  4094 | D:6      | Reached XP level 8. HP: 57/83 MP: 8/8
  4156 | D:6      | Reached skill level 1 in Evocations
  4821 | D:6      | Noticed Duvessa
  4821 | D:6      | Noticed Dowan
  4831 | D:6      | Killed Duvessa
  4832 | D:6      | Killed Dowan
  4832 | D:6      | Reached skill level 7 in Axes
  5079 | D:7      | Reached skill level 8 in Axes
  5087 | D:7      | Found a sand-covered staircase.
  5095 | D:7      | Reached XP level 9. HP: 72/89 MP: 11/11
  5309 | Ossuary  | Entered an ossuary
  5555 | D:7      | Noticed Prince Ribbit
  5576 | D:6      | HP: 4/89 [something (4)]
  5847 | D:7      | Killed Prince Ribbit
  5847 | D:7      | Reached skill level 9 in Axes
  6076 | D:7      | Found a hazy altar of Hepliaklqana.
  6249 | D:7      | Reached skill level 10 in Axes
  6588 | D:8      | Reached **** piety under Trog
  6741 | D:8      | Noticed a two-headed ogre
  6770 | D:8      | Slain by a two-headed ogre

Skill      XL: |  1  2  3  4  5  6  7  8  9 |
---------------+----------------------------+-----
Dodging        | 3 4 6 |  6.0
Fighting       | 5 6 |  6.0
Axes           | 4 5 6 8 10 | 10.9
Evocations     | 3 |  3.0

Action                   |  1- 3 |  4- 6 |  7- 9 || total
-------------------------+-------+-------+-------++-------
Melee: Hand axe          |   112 |       |       ||   112
       War axe           |     2 |   106 |   273 ||   381
Invok: Berserk           |     2 |     3 |    10 ||    15
       Trog's Hand       |       |       |     5 ||     5
  Use: Scroll            |     1 |     7 |     4 ||    12
  Eat: Chunk             |     4 |     9 |    18 ||    31
       Ration            |       |       |     1 ||     1
Armor: Animal skin       |    28 |    21 |    36 ||    85
Dodge: Dodged            |    67 |    69 |   154 ||   290
Block: Other             |       |     9 |    10 ||    19
